 Dungeon Crawl Stone Soup version 0.25-a0-697-g890751e744 (webtiles) character file.

Game seed: 17414486295389059623, levelgen mode: deterministic

130 DasRunzen the Conjurer (level 4, -10/36 HPs)
             Began as a Demigod Conjurer on Apr 1, 2020.
             Killed by divine providence
             ... invoked by an orc priest
              (14 damage)
             ... on level 2 of the Dungeon.
             The game lasted 00:03:45 (1115 turns).

DasRunzen the Conjurer (Demigod Conjurer)           Turns: 1115, Time: 00:03:46

Health: -10/36     AC:  3    Str: 11    XL:     4   Next: 60%
Magic:  8/10       EV: 13    Int: 21    God:
Gold:   66         SH:  0    Dex: 16    Spells: 7/8 levels left

rFire    . . .     SeeInvis .   b - +0 hand axe
rCold    . . .     Gourm    .   (no shield)
rNeg     . . .     Faith    .   a - +0 robe
rPois    .         Spirit   .   (no helmet)
rElec    .         Reflect  .   (no cloak)
rCorr    .         Harm     .   d - +0 pair of gloves
MR       +....                  (no boots)
Stlth    ++........             (no amulet)
HPRegen  0.12/turn              j - ring of protection from magic
MPRegen  0.12/turn              (no ring)

@: no status effects
A: high mp 1
a: no special abilities


You were on level 2 of the Dungeon.
You were hungry.

You visited 1 branch of the dungeon, and saw 2 of its levels.

You collected 66 gold pieces.

Inventory:

Hand Weapons
 b - a +0 hand axe (weapon)
Armour
 a - a +0 robe (worn)
 d - a +0 pair of gloves (worn)
Jewellery
 j - a ring of protection from magic (left hand)
Scrolls
 e - a scroll of fear {unknown}
Potions
 f - 2 potions of heal wounds
 g - a potion of haste
 h - a potion of cancellation {unknown}
 i - a potion of stabbing {unknown}
Comestibles
 c - 6 rations


   Skills:
 + Level 1.9 Fighting
 + Level 2.7 Dodging
 - Level 1.7 Stealth
 + Level 2.6 Spellcasting
 + Level 4.2 Conjurations


You had 7 spell levels left.
You knew the following spells:

 Your Spells              Type           Power        Failure   Level  Hunger
a - Magic Dart            Conj           ###.         2%          1    None

Your spell library contained the following spells:

 Spells                   Type           Power        Failure   Level  Hunger
 Searing Ray              Conj           ###...       3%          2    ##.....
 Corona                   Hex            #......      14%         1    None
 Dazzling Flash           Conj/Hex       ##....       17%         3    ###....
 Ensorcelled Hibernation  Hex/Ice        #.....       22%         2    ##.....
 Confusing Touch          Hex            #.......     38%         3    ###....
 Tukima's Dance           Hex            #.......     38%         3    ###....
 Fulminant Prism          Conj/Hex       ##........   50%         4    ####...
 Iskenderun's Mystic Bla  Conj/Tloc      ##......     50%         4    ####...


Dungeon Overview and Level Annotations

Branches:
Dungeon (2/15)


Innate Abilities, Weirdness & Mutations

You have an increased reservoir of magic. (+10% MP)


Message History

The bullfrog hits you. The bullfrog closely misses you.
You hit the bullfrog.
The bullfrog is severely wounded.
The bullfrog hits you.
* * * LOW HITPOINT WARNING * * *
The bullfrog barely misses you.
You hit the bullfrog.
The bullfrog is almost dead.
The bullfrog hits you.
* * * LOW HITPOINT WARNING * * *
The bullfrog misses you.
You hit the bullfrog but do no damage.
The bullfrog is almost dead.
The bullfrog closely misses you. x2
You hit the bullfrog.
You kill the bullfrog!
You have reached level 4!
The orc priest invokes the aid of Beogh against you.
Beogh smites you!
You die...

. #### #..#..#
#......#####.#
#.###.####
##.(.#....##.# ...
#...)####..#####....#
####
####...#.....#####..#
########....##..####..#
.................###.+
####....###..#.##..###..
........# ##.#..#.......
#####@# #....#..#####
#s# ###..##...... #.#
#§.#######. #o## #..##
#o.# #.§.# #..# ##..##
#####..### ##..###
....[.....# ##.§.##
#########.#### ##...#


You could see 2 orc priests and a giant cockroach.

Vanquished Creatures
  A bullfrog (D:2)
  3 gnolls
  A leopard gecko (D:1)
  A giant cockroach (D:1)
  4 goblins
  4 hobgoblins
  3 jackals (D:1)
  A quokka (D:2)
  4 bats
  5 frilled lizards
  4 kobolds
  9 rats (D:1)
40 creatures vanquished.

Notes
Turn   | Place    | Note
-------+----------+-------------------------------------------
     0 | D:1      | DasRunzen the Demigod Conjurer began the quest for the Orb.
     0 | D:1      | Reached XP level 1. HP: 14/14 MP: 5/5
   195 | D:1      | Reached XP level 2. HP: 22/22 MP: 7/7
   349 | D:1      | Reached skill level 1 in Fighting
   687 | D:2      | Reached XP level 3. HP: 28/28 MP: 4/8
   696 | D:1      | Reached skill level 4 in Conjurations
  1098 | D:2      | Noticed a bullfrog
  1115 | D:2      | Killed a bullfrog
  1115 | D:2      | Reached XP level 4. HP: 4/36 MP: 8/10
  1115 | D:2      | Killed from afar by an orc priest

Levels and vault maps discovered:
D:1:      dpeg_arrival_solitude, layout_loops_ring, minmay_unequal
D:2:      layout_rooms, minivault_11, minmay_misc_feat_enclosed, dk_vineyard_1,
          dk_noncrumbling_4

Skill      XL: |  1  2  3 |
---------------+----------+-----
Dodging        | 2 |  2.7
Spellcasting   | 2 |  2.6
Fighting       | 1 |  1.9
Conjurations   | 4 |  4.2
Stealth        | |  1.7

Action                   |  1- 3 |  4- 6 || total
-------------------------+-------+-------++-------
Melee: Hand axe          |    77 |       ||    77
 Cast: Magic Dart        |    40 |       ||    40
  Use: Scroll            |     4 |       ||     4
 Stab: Sleeping          |     1 |       ||     1
Armor: Robe              |    18 |       ||    18
Dodge: Dodged            |    99 |       ||    99

Table legend:
 A = Non-vault XP
 B = Vault XP
 C = Vault XP percentage of total XP
 D = Non-vault monster count
 E = Vault monster count
 F = Vault count percentage of total count
                 A         B        C        D         E       F
            +---------+---------+-------+---------+---------+-------
      Total |     183 |       4 |   2.1 |      37 |       3 |   7.5
            +---------+---------+-------+---------+---------+-------
        D:1 |      53 |       4 |   7.0 |      27 |       3 |  10.0
        D:2 |     130 |       0 |   0.0 |      10 |       0 |   0.0
            +---------+---------+-------+---------+---------+-------
